 Dungeon Crawl Stone Soup version 0.24.1-8-ga250c9d538 (webtiles) character file.

Game seed: 17513759702157147880, levelgen mode: deterministic

147 Hugehornet the Changer (level 5, -1/33 HPs)
             Began as an Octopode Transmuter on May 6, 2020.
             Slain by a goblin (6 damage)
             ... led by Robin
             ... on level 3 of the Dungeon.
             The game lasted 00:04:28 (2990 turns).

Hugehornet the Changer (Octopode Transmuter)        Turns: 2990, Time: 00:04:28

Health: -1/33      AC:  2    Str: 14    XL:     5   Next: 29%
Magic:  4/8        EV: 19    Int: 17    God:
Gold:   161        SH:  3    Dex: 17    Spells: 2/8 levels left

rFire    . . .     SeeInvis .     - Unarmed
rCold    . . .     Gourm    .   (shield currently unavailable)
rNeg     . . .     Faith    .   (helmet currently unavailable)
rPois    x         Spirit   .   f - +3 amulet of reflection
rElec    .         Reflect  +   (no ring)
rCorr    .         Harm     .   (no ring)
MR       .....                  (no ring)
Stlth    ++........             (no ring)
HPRegen  0.11/turn              (no ring)
MPRegen  0.11/turn              (no ring)
                                (no ring)
                                (no ring)

@: mighty, spider-form (expiring)
A: tiny, almost no armour, stealthy swim, (amphibious), 8 rings, (constrict 8)
a: End Transformation


You were on level 3 of the Dungeon.
You were not hungry.
You were a venomous arachnid creature.
You visited 1 branch of the dungeon, and saw 3 of its levels.

You collected 161 gold pieces.

Inventory:

Missiles
 a - 24 arrows
Armour
 i - a +2 hat of intelligence (melded)
Jewellery
 f - a +3 amulet of reflection (around neck)
Wands
 k - a wand of clouds (6)
Scrolls
 b - a scroll of identify {unknown}
 d - 2 scrolls of fog {unknown}
 g - a scroll of magic mapping {unknown}
 h - a scroll of immolation {unknown}
 l - 2 scrolls of amnesia {unknown}
 n - a scroll of remove curse {unknown}
 q - a scroll of fear {unknown}
Potions
 j - a potion of flight {unknown}
 m - a potion of invisibility {unknown}
 p - a potion of brilliance {unknown}
Comestibles
 c - 7 rations
 o - 2 chunks of flesh


   Skills:
 - Level 1.0 Fighting
 - Level 2.0 Dodging
 * Level 3.6 Unarmed Combat
 - Level 2.0 Spellcasting
 * Level 4.7 Transmutations
 - Level 1.1 Poison Magic


You had 2 spell levels left.
You knew the following spells:

 Your Spells              Type           Power        Failure   Level  Hunger
a - Beastly Appendage     Tmut           ###...       10%         1    #......
b - Sticks to Snakes      Tmut           ###.....     13%         2    ###....
c - Spider Form           Tmut/Pois      ##........   36%         3    ###....

Your spell library contained the following spells:

 Spells                   Type           Power        Failure   Level  Hunger
 Ice Form                 Ice/Tmut       #.......     78%         4    #####..
 Blade Hands              Tmut           ###.......   80%         5    ######.


Dungeon Overview and Level Annotations

Branches:
Dungeon (3/15)

Altars:
Elyvilon

Annotations:
D:3 Robin


Innate Abilities, Weirdness & Mutations

You cannot wear most types of armour.
You are very stealthy in the water. (Stealth+)
((You are amphibious.))
You can wear up to eight rings at the same time.
((You can use your tentacles to constrict eight enemies at once.))
((Your skin changes colour to match your surroundings (Stealth+).))
((Your rubbery body absorbs attacks. (AC +1, EV +1)))


Message History

You kill the goblin!
The hobgoblin no longer looks unusually strong.
The goblin closely misses you.
You bite the goblin!
You kill the goblin!
You hit the goblin.
You kill the goblin!
The goblin no longer looks unusually strong.
Robin says, "Feeling lonely?"
Robin throws the goblin at you!
* * * LOW HITPOINT WARNING * * *
You closely miss the goblin. The goblin completely misses you.
You completely miss the goblin.
Your transformation is almost over.
The goblin hits you but does no damage. x2
You barely miss the goblin.
Robin roars a battlecry!
The goblins go into a battle-frenzy!
The goblin hits you.
You die...

#†.. #... #.# #.#. #+ #.#
#... ... #.# ##.# ....
###.# ##.# ..... ##.#.#
##.#.
....!.####....#######.###
.....gggsg...(.........#.
......####........#####..
....? ##.##.##.# #.# ....
#.##.##.# #.# ...
#.##.##.# #.# #+
#.#..##.# #.# #.#.###.#
#.# #.#. #.# #.# #... ..#
#.#


You could see Robin, a hobgoblin and 2 goblins.

Vanquished Creatures
  An orc wizard (D:3)
  2 adders
  An ooze (D:1)
  4 worms (D:2)
  2 dart slugs (D:2)
  4 leopard geckos
  2 orcs (D:3)
  9 bats
  A giant cockroach (D:2)
  14 goblins
  12 hobgoblins
  6 jackals
  2 kobolds (D:2)
  3 quokkas (D:2)
  3 frilled lizards
  2 rats
68 creatures vanquished.

Notes
Turn   | Place    | Note
-------+----------+-------------------------------------------
     0 | D:1      | Hugehornet the Octopode Transmuter began the quest for the
                  | Orb.
     0 | D:1      | Reached XP level 1. HP: 13/13 MP: 3/3
   107 | D:1      | Reached XP level 2. HP: 14/18 MP: 3/5
   249 | D:1      | Reached skill level 3 in Transmutations
   550 | D:1      | Reached XP level 3. HP: 18/23 MP: 4/6
   556 | D:1      | Learned a level 2 spell: Sticks to Snakes
   560 | D:1      | Learned a level 3 spell: Spider Form
  1468 | D:2      | Reached skill level 4 in Transmutations
  1468 | D:2      | Reached XP level 4. HP: 22/28 MP: 5/7
  1677 | D:2      | Found a white marble altar of Elyvilon.
  2328 | D:2      | Found a faded altar of an unknown god.
  2605 | D:3      | Reached skill level 1 in Poison Magic
  2605 | D:3      | Reached XP level 5. HP: 18/33 MP: 5/8
  2964 | D:3      | Noticed Robin
  2990 | D:3      | Slain by a goblin

Levels and vault maps discovered:
D:1:      dpeg_arrival_windows_large_door, layout_loops_ring
D:2:      layout_loops_ring, chequers_ecumenical_altar_lobes, dk_vineyard_2,
          elyvilon_altar_3
D:3:      layout_loops_corners, uniq_robin

Skill      XL: |  1  2  3  4 |
---------------+-------------+-----
Transmutations | 3 4 |  4.7
Poison Magic   | 1 |  1.1
Fighting       | |  1.0
Dodging        | |  2.0
Unarmed Combat | |  3.6
Spellcasting   | |  2.0

Action                   |  1- 3 |  4- 6 || total
-------------------------+-------+-------++-------
Melee: Unarmed           |    75 |    97 ||   172
       Constrict         |    23 |    20 ||    43
       Kick              |    20 |    18 ||    38
       Tentacles         |    12 |    17 ||    29
       Punch             |     1 |     2 ||     3
 Cast: Beastly Appendage |    19 |    18 ||    37
       Spider Form       |       |     3 ||     3
  Use: Potion            |       |     1 ||     1
 Stab: Sleeping          |     3 |     2 ||     5
  Eat: Chunk             |     2 |     5 ||     7
Armor: Skin              |     8 |    26 ||    34
Dodge: Dodged            |    41 |    80 ||   121
Block: Other             |     1 |    14 ||    15
